MID
QUAD CITIES RIVER BANDITS @ PEORIA CHIEFS
08/15/2099
 
TOP OF THE 1ST
Quad Cities River Bandits batting - Pitching for Peoria Chiefs : RHP Terry Duff
Pitching: RHP Terry Duff
Batting: RHB Dave Orme 0-0: Foul Ball, location: 2LF
0-1: SINGLE (Line Drive, 9S, EV 98.8 MPH)
Batting: LHB Richard Merino 0-0: Foul Ball, location: 7LSF
0-1: Ball
1-1: Grounds into double play, 4-6-3 (Groundball, 4, EV 103.1 MPH)
Batting: RHB Cody Shuman 0-0: SINGLE (Flyball, 5D, EV 98.1 MPH)
Batting: LHB Dana Welch 0-0: Foul Ball, location: 2F
0-1: Ball
1-1: Called Strike
1-2: Strikes out looking
Top of the 1st over - 0 runs, 2 hits, 0 errors, 1 left on base; Quad Cities 0 - Peoria 0
BOTTOM OF THE 1ST
Peoria Chiefs batting - Pitching for Quad Cities River Bandits : RHP Isaiah Hollis
Pitching: RHP Isaiah Hollis
Batting: LHB Carlos Cerda 0-0: Foul Ball, location: 5F
0-1: Foul Ball, location: 2F
0-2: Strikes out swinging
Batting: RHB Scott Tetreault 0-0: Ball
1-0: Foul Ball, location: 2F
1-1: Fly out, F9 (Line Drive, 9LM, EV 84.4 MPH)
Batting: RHB Scott DeMarinis 0-0: Ball
1-0: Ball
2-0: Ground out 6-3 (Groundball, 6, EV 99.4 MPH)
Bottom of the 1st over - 0 runs, 0 hits, 0 errors, 0 left on base; Quad Cities 0 - Peoria 0
TOP OF THE 2ND
Quad Cities River Bandits batting - Pitching for Peoria Chiefs : RHP Terry Duff
Batting: RHB Kymani Biggs 0-0: Ball
1-0: SOLO HOME RUN (Flyball, 9D, EV 93.8 MPH), Distance : 355 ft
Batting: RHB Evan White 0-0: Ball
1-0: Ball
2-0: Ground out 6-3 (Groundball, 6, EV 106.3 MPH)
Batting: RHB Paolo Couvreur 0-0: Foul Ball, location: 5F
0-1: Called Strike
0-2: Fly out, F8 (Flyball, 8RD, EV 81.9 MPH)
Batting: RHB Chase Bavaro 0-0: Ball
1-0: Fly out, F8 (Flyball, 8LM, EV 96.3 MPH)
Top of the 2nd over - 1 run, 1 hit, 0 errors, 0 left on base; Quad Cities 1 - Peoria 0
BOTTOM OF THE 2ND
Peoria Chiefs batting - Pitching for Quad Cities River Bandits : RHP Isaiah Hollis
Batting: RHB Matt Carter 0-0: Ball
1-0: Ball
2-0: Called Strike
2-1: Fly out, F9 (Flyball, 9D, EV 105.6 MPH)
Batting: RHB Collin Lund 0-0: Ball
1-0: Called Strike
1-1: Called Strike
1-2: Hit by Pitch
Batting: RHB Nate Abreu 0-0: Called Strike
0-1: Ball
1-1: Ball
2-1: Foul Ball, location: 9LMF
2-2: Foul Ball, location: 2LF
2-2: Grounds into double play, 6-4-3 (Groundball, 6, EV 76.9 MPH)
Bottom of the 2nd over - 0 runs, 0 hits, 0 errors, 0 left on base; Quad Cities 1 - Peoria 0
TOP OF THE 3RD
Quad Cities River Bandits batting - Pitching for Peoria Chiefs : RHP Terry Duff
Batting: RHB Ricky Hawk 0-0: SINGLE (Line Drive, 56D, EV 99.4 MPH)
Batting: RHB Dave Orme 0-0: Called Strike
0-1: Ball
1-1: Ball
2-1: Swinging Strike
2-2: Fly out, F7 (Line Drive, 7S, EV 104.4 MPH)
Batting: LHB Richard Merino 0-0: Foul Ball, location: 3SF
0-1: Fielders Choice at 2nd, 4-6 (Groundball, 4, EV 106.9 MPH)
Batting: RHB Cody Shuman 0-0: Called Strike
0-1: Ball
1-1: Ball
2-1: Foul Ball, location: 2F
2-2: Fly out, F9 (Line Drive, 89M, EV 111.3 MPH)
Top of the 3rd over - 0 runs, 1 hit, 0 errors, 1 left on base; Quad Cities 1 - Peoria 0
BOTTOM OF THE 3RD
Peoria Chiefs batting - Pitching for Quad Cities River Bandits : RHP Isaiah Hollis
Batting: RHB Jose Romero 0-0: Ball
1-0: Ball
2-0: Foul Ball, location: 2F
2-1: Swinging Strike
2-2: Ground out U3 (Groundball, 34, EV 86.9 MPH)
Batting: RHB John Bentz 0-0: Swinging Strike
0-1: Ball
1-1: Fly out, F7 (Line Drive, 7LM, EV 105.0 MPH)
Batting: RHB Justin Holden 0-0: Ball
1-0: Ball
2-0: Called Strike
2-1: Foul Ball, location: 3SF
2-2: Strikes out swinging
Bottom of the 3rd over - 0 runs, 0 hits, 0 errors, 0 left on base; Quad Cities 1 - Peoria 0
TOP OF THE 4TH
Quad Cities River Bandits batting - Pitching for Peoria Chiefs : RHP Terry Duff
Batting: LHB Dana Welch 0-0: Called Strike
0-1: Ball
1-1: SINGLE (Line Drive, 89S, EV 105.6 MPH)
Batting: RHB Kymani Biggs 0-0: SINGLE (Groundball, 4MD, EV 102.5 MPH)
Dana Welch to second
Batting: RHB Evan White 0-0: Called Strike
0-1: Ball
1-1: Fly out, F8 (Flyball, 78D, EV 96.9 MPH)
Batting: RHB Paolo Couvreur 0-0: Ball
1-0: Ball
2-0: Called Strike
2-1: Called Strike
2-2: Fly out, F7 (Flyball, 78M, EV 93.1 MPH)
Batting: RHB Chase Bavaro 0-0: Called Strike
0-1: Foul Ball, location: 3FF
0-2: Ball
1-2: Ball
2-2: Foul Ball, location: 9LDF
2-2: Foul Ball, location: 7LMF
2-2: Ground out 3-1 (Groundball, 34, EV 92.5 MPH)
Top of the 4th over - 0 runs, 2 hits, 0 errors, 2 left on base; Quad Cities 1 - Peoria 0
BOTTOM OF THE 4TH
Peoria Chiefs batting - Pitching for Quad Cities River Bandits : RHP Isaiah Hollis
Batting: LHB Carlos Cerda 0-0: Foul Ball, location: 5F
0-1: DOUBLE (Flyball, 7LD, EV 104.4 MPH)
Batting: RHB Scott Tetreault 0-0: Ball
1-0: Ball
2-0: Foul Ball, location: 2F
2-1: SINGLE (Groundball, 6MD, EV 98.8 MPH)
Carlos Cerda to third
Batting: RHB Scott DeMarinis 0-0: Called Strike
0-1: Ball
1-1: SINGLE (Line Drive, 34D, EV 98.1 MPH)
Carlos Cerda scores
Scott Tetreault to second
Batting: RHB Matt Carter 0-0: Grounds into double play, U5-3 (Groundball, 5L, EV 80.6 MPH)
Scott DeMarinis to second
Batting: RHB Collin Lund 0-0: Called Strike
0-1: Ball
1-1: Ball
2-1: Ground out 4-3 (Groundball, 4, EV 107.5 MPH)
Bottom of the 4th over - 1 run, 3 hits, 0 errors, 1 left on base; Quad Cities 1 - Peoria 1
TOP OF THE 5TH
Quad Cities River Bandits batting - Pitching for Peoria Chiefs : RHP Terry Duff
Batting: RHB Ricky Hawk 0-0: Ball
1-0: DOUBLE (Flyball, 78D, EV 102.5 MPH)
Batting: RHB Dave Orme 0-0: Foul Ball, location: 9LSF
0-1: Swinging Strike
0-2: Strikes out looking
Batting: LHB Richard Merino 0-0: Ball
1-0: Called Strike
1-1: Swinging Strike
1-2: Ball
2-2: Ball
3-2: Base on Balls
Batting: RHB Cody Shuman 0-0: Ball
1-0: Fly out, F8 (Line Drive, 8LM, EV 95.6 MPH)
Batting: LHB Dana Welch 0-0: Ball
1-0: Called Strike
1-1: Foul Ball, location: 7LSF
1-2: Ball
2-2: Ball
3-2: DOUBLE (Line Drive, 7LS, EV 106.3 MPH)
Ricky Hawk scores
Richard Merino to third
Richard Merino scores
Batting: RHB Kymani Biggs 0-0: Ball
1-0: Called Strike
1-1: Called Strike
1-2: Strikes out swinging
Top of the 5th over - 2 runs, 2 hits, 0 errors, 1 left on base; Quad Cities 3 - Peoria 1
BOTTOM OF THE 5TH
Peoria Chiefs batting - Pitching for Quad Cities River Bandits : RHP Isaiah Hollis
Batting: RHB Nate Abreu 0-0: Called Strike
0-1: Ball
1-1: Foul Ball, location: 3DF
1-2: Foul Ball, location: 3F
1-2: Foul Ball, location: 2RF
1-2: Ball
2-2: Ball
3-2: Base on Balls
Batting: RHB Jose Romero 0-0: Grounds into double play, 6-4-3 (Groundball, 6M, EV 88.1 MPH)
Batting: RHB John Bentz 0-0: Ball
1-0: Ball
2-0: Foul Ball, location: 2F
2-1: Ball
3-1: Swinging Strike
3-2: SINGLE (Line Drive, 78S, EV 86.3 MPH)
Batting: RHB Justin Holden 0-0: Ball
1-0: Called Strike
1-1: Foul Ball, location: 2F
1-2: Strikes out looking
Bottom of the 5th over - 0 runs, 1 hit, 0 errors, 1 left on base; Quad Cities 3 - Peoria 1
TOP OF THE 6TH
Quad Cities River Bandits batting - Pitching for Peoria Chiefs : RHP Terry Duff
Batting: RHB Evan White 0-0: Reached via error on a dropped throw from 1B, E1 (Groundball, 34, EV 91.9 MPH)
Batting: RHB Paolo Couvreur 0-0: Foul Ball, location: 2F
0-1: Foul Ball, location: 2F
0-2: Grounds into double play, 6-4-3 (Groundball, 6, EV 84.4 MPH)
Batting: RHB Chase Bavaro 0-0: Ball
1-0: Fly out, F7 (Flyball, 78M, EV 77.5 MPH)
Top of the 6th over - 0 runs, 0 hits, 1 error, 0 left on base; Quad Cities 3 - Peoria 1
BOTTOM OF THE 6TH
Peoria Chiefs batting - Pitching for Quad Cities River Bandits : RHP Isaiah Hollis
Batting: LHB Carlos Cerda 0-0: Called Strike
0-1: Fly out, F7 (Flyball, 7D, EV 91.9 MPH)
Batting: RHB Scott Tetreault 0-0: Foul Ball, location: 25F
0-1: Foul Ball, location: 9LSFF
0-2: Foul Ball, location: 5SF
0-2: Ball
1-2: Ball
2-2: Ball
3-2: SINGLE (Line Drive, 34D, EV 70.6 MPH)
Batting: RHB Scott DeMarinis 0-0: Ball
1-0: SINGLE (Line Drive, 9LS, EV 101.9 MPH)
Scott Tetreault to second
Batting: RHB Matt Carter 0-0: Ball
1-0: Called Strike
1-1: Swinging Strike
1-2: Ball
2-2: DOUBLE (Flyball, 89XD, EV 106.3 MPH)
Scott Tetreault scores
Scott DeMarinis to third
Batting: RHB Collin Lund 0-0: Fly out, F8 (Flyball, 8RD, EV 98.8 MPH)
Runner from 3rd tags up, SCORES, throw by CF
Matt Carter to third
Batting: RHB Nate Abreu 0-0: Called Strike
0-1: Called Strike
0-2: Foul Ball, location: 9LSF
0-2: Foul Ball, location: 2F
0-2: Fly out, F7 (Flyball, 7S, EV 90.6 MPH)
Bottom of the 6th over - 2 runs, 3 hits, 0 errors, 1 left on base; Quad Cities 3 - Peoria 3
TOP OF THE 7TH
Quad Cities River Bandits batting - Pitching for Peoria Chiefs : RHP Terry Duff
Batting: RHB Ricky Hawk 0-0: Called Strike
0-1: Foul Ball, location: 9LDF
0-2: Foul Ball, location: 9LMF
0-2: Ground out 6-3 (Groundball, 6S, EV 88.8 MPH)
Batting: RHB Dave Orme 0-0: Ball
1-0: Called Strike
1-1: Ball
2-1: Ball
3-1: SINGLE (Line Drive, 6MD, EV 93.8 MPH)
Batting: LHB Richard Merino 0-0: Called Strike
0-1: Ball
1-1: Ball
2-1: Fly out, F4 (Popup, 4S, EV 71.3 MPH)
Batting: RHB Cody Shuman 0-0: Ball
1-0: Fly out, F7 (Flyball, 7D, EV 105.6 MPH)
Top of the 7th over - 0 runs, 1 hit, 0 errors, 1 left on base; Quad Cities 3 - Peoria 3
BOTTOM OF THE 7TH
Peoria Chiefs batting - Pitching for Quad Cities River Bandits : RHP Isaiah Hollis
Batting: RHB Jose Romero 0-0: Foul Ball, location: 2F
0-1: Ball
1-1: Ball
2-1: Ball
3-1: Fly out, F3 (Popup, 3, EV 69.4 MPH)
Batting: RHB John Bentz 0-0: Called Strike
0-1: Ball
1-1: Foul Ball, location: 2RF
1-2: Foul Ball, location: 25F
1-2: Ball
2-2: Strikes out swinging
Batting: RHB Justin Holden 0-0: Foul Ball, location: 9LSF
0-1: Foul Ball, location: 5F
0-2: Fly out, F8 (Line Drive, 8RM, EV 91.3 MPH)
Bottom of the 7th over - 0 runs, 0 hits, 0 errors, 0 left on base; Quad Cities 3 - Peoria 3
TOP OF THE 8TH
Quad Cities River Bandits batting - Pitching for Peoria Chiefs : RHP Terry Duff
Pitching: LHP Travis Yeager
Batting: LHB Dana Welch 0-0: Swinging Strike
0-1: Ball
1-1: Foul Ball, location: 2F
1-2: Foul Ball, location: 3FF
1-2: Ball
2-2: Foul Ball, location: 3FF
2-2: SINGLE (Groundball, 4MD, EV 98.1 MPH)
Batting: RHB Kymani Biggs 0-0: Ball
1-0: Ball
2-0: Swinging Strike
2-1: Ball
3-1: Swinging Strike
3-2: DOUBLE (Line Drive, 3D, EV 99.4 MPH)
Dana Welch to third
Batting: RHB Evan White 0-0: Intentional Walk
Batting: RHB Paolo Couvreur 0-0: Ball
1-0: Ball
2-0: Swinging Strike
2-1: Swinging Strike
2-2: Ball
3-2: Fly out, F7 (Line Drive, 7S, EV 91.9 MPH)
Batting: RHB Chase Bavaro 0-0: Ball
1-0: Grounds into fielders choice 4-2 (Groundball, 4, EV 85.0 MPH)
Kymani Biggs to third
Evan White to second
Batting: RHB Ricky Hawk 0-0: Ball
1-0: Called Strike
1-1: Swinging Strike
1-2: Strikes out swinging
Top of the 8th over - 0 runs, 2 hits, 0 errors, 3 left on base; Quad Cities 3 - Peoria 3
BOTTOM OF THE 8TH
Peoria Chiefs batting - Pitching for Quad Cities River Bandits : RHP Isaiah Hollis
Pitching: RHP Willie Martinez
Batting: LHB Carlos Cerda 0-0: Called Strike
0-1: SINGLE (Line Drive, 4D, EV 97.5 MPH)
Batting: RHB Scott Tetreault 0-0: Called Strike
0-1: Swinging Strike
0-2: Foul Ball, location: 2F
0-2: Ball
1-2: Grounds into double play, 6-4-3 (Groundball, 6, EV 80.0 MPH)
Batting: RHB Scott DeMarinis 0-0: Called Strike
0-1: Ball
1-1: Ball
2-1: Foul Ball, location: 2F
2-2: Foul Ball, location: 3FF
2-2: Ball
3-2: Base on Balls
Batting: RHB Matt Carter 0-0: Called Strike
0-1: Called Strike
0-2: DOUBLE (Flyball, 89XD, EV 102.5 MPH)
Scott DeMarinis to third
Batting: RHB Collin Lund 0-0: Ball
1-0: Ground out 4-3 (Groundball, 4D, EV 98.1 MPH)
Bottom of the 8th over - 0 runs, 2 hits, 0 errors, 2 left on base; Quad Cities 3 - Peoria 3
TOP OF THE 9TH
Quad Cities River Bandits batting - Pitching for Peoria Chiefs : LHP Travis Yeager
Batting: RHB Dave Orme 0-0: Ball
1-0: Called Strike
1-1: Foul Ball, location: 2F
1-2: Foul Ball, location: 9LDF
1-2: Foul Ball, location: 3F
1-2: Ball
2-2: Fly out, F9 (Flyball, 9, EV 85.6 MPH)
Batting: RHB Adam Reid 0-0: Swinging Strike
0-1: Foul Ball, location: 2F
0-2: Ball
1-2: Strikes out swinging
Batting: RHB Cody Shuman 0-0: Ball
1-0: Called Strike
1-1: Ball
2-1: Foul Ball, location: 7LMF
2-2: Ball
3-2: Base on Balls
Pitching: LHP Jeff Anderson
Batting: LHB Dana Welch 0-0: Ball
1-0: Fly out, F4 (Popup, 4D, EV 66.3 MPH)
Top of the 9th over - 0 runs, 0 hits, 0 errors, 1 left on base; Quad Cities 3 - Peoria 3
BOTTOM OF THE 9TH
Peoria Chiefs batting - Pitching for Quad Cities River Bandits : RHP Willie Martinez
Pinch Hitting: RHB Roberto Ortiz 0-0: Ball
1-0: Called Strike
1-1: Foul Ball, location: 2F
1-2: Foul Ball, location: 23F
1-2: Ball
2-2: Strikes out looking
Batting: RHB Jose Romero 0-0: Ball
1-0: Ball
2-0: Ball
3-0: Called Strike
3-1: Fly out, F7 (Flyball, 7S, EV 98.1 MPH)
Pinch Hitting: RHB Jose Delgadillo 0-0: Ball
1-0: Swinging Strike
1-1: Ball
2-1: Called Strike
2-2: Foul Ball, location: 2F
2-2: Ball
3-2: Base on Balls
Pinch Hitting: SHB Sam Booker 0-0: Ball
1-0: Ball
2-0: Fielders Choice at 2nd, 5-4 (Groundball, 56, EV 91.3 MPH)
Bottom of the 9th over - 0 runs, 0 hits, 0 errors, 1 left on base; Quad Cities 3 - Peoria 3
TOP OF THE 10TH
Quad Cities River Bandits batting - Pitching for Peoria Chiefs : LHP Jeff Anderson
Dana Welch starts the inning at 2nd base.
Now at 1B: Jose Delgadillo
Now at 2B: Collin Lund
Now at 3B: Matt Knecht
Now in RF: Roberto Ortiz
Batting: RHB Kymani Biggs 0-0: Ball
1-0: Foul Ball, location: 9LSF
1-1: Ball
2-1: Swinging Strike
2-2: Foul Ball, location: 7LMF
2-2: Strikes out swinging
Batting: RHB Evan White 0-0: Intentional Walk
Batting: RHB Paolo Couvreur 0-0: Ball
1-0: Ball
2-0: Called Strike
2-1: Ball
3-1: Base on Balls
Dana Welch to third
Evan White to second
Batting: RHB Chase Bavaro 0-0: Called Strike
0-1: Ball
1-1: Ball
2-1: Called Strike
2-2: Strikes out swinging
Batting: RHB Ricky Hawk 0-0: Ball
1-0: Ball
2-0: Ball
3-0: Called Strike
3-1: SINGLE (Flyball, 78S, EV 86.3 MPH)
Dana Welch scores
Evan White to third
Paolo Couvreur to second
Runner from 3rd tries for Home, SAFE, throw by CF to home
Batting: RHB Dave Orme 0-0: Called Strike
0-1: Foul Ball, location: 25F
0-2: Foul Ball, location: 9LMF
0-2: Strikes out swinging
Top of the 10th over - 2 runs, 1 hit, 0 errors, 2 left on base; Quad Cities 5 - Peoria 3
BOTTOM OF THE 10TH
Peoria Chiefs batting - Pitching for Quad Cities River Bandits : RHP Willie Martinez
Matt Knecht starts the inning at 2nd base.
Pitching: LHP Edwin Hernandez
Now in LF: Chris Oakley
Now in RF: Evan White
Batting: LHB Carlos Cerda 0-0: Ball
1-0: Ball
2-0: Called Strike
2-1: Ground out 6-3 (Groundball, 56, EV 103.8 MPH)
Batting: RHB Scott Tetreault 0-0: Ball
1-0: Called Strike
1-1: Foul Ball, location: 2F
1-2: SINGLE (Line Drive, 5D, EV 103.8 MPH)
Matt Knecht to third
Batting: RHB Scott DeMarinis 0-0: Ball
1-0: Fielders Choice attempt at home, Runner SAFE. 5-2 (Groundball, 56S, EV 89.4 MPH)
Scott Tetreault to second
Batting: RHB Matt Carter 0-0: Called Strike
0-1: Called Strike
0-2: Strikes out swinging
Batting: RHB Collin Lund 0-0: Swinging Strike
0-1: Swinging Strike
0-2: Ball
1-2: Foul Ball, location: 9LSF
1-2: Strikes out swinging
Bottom of the 10th over - 1 run, 1 hit, 0 errors, 2 left on base; Quad Cities 5 - Peoria 4
Tuesday, May 14th , 2024 - OOTP Baseball 24.11 Build 85